[Event "ICC tourney 2545 (5 3)"]
[Site "Internet Chess Club"]
[Date "2021.04.11"]
[Round "2"]
[White "Z3N"]
[Black "Grieve72"]
[Result "0-1"]
[ICCResult "White forfeits on time"]
[WhiteElo "1524"]
[BlackElo "2241"]
[Opening "Dutch, 2.Bg5 variation"]
[ECO "A80"]
[NIC "HD.12"]
[Time "14:29:14"]
[TimeControl "300+3"]

1. d4 f5 2. Bg5 g6 3. e3 Bg7 4. c4 d6 5. Nc3 h6 6. Bh4 Nf6 7. f3 Nc6 8. Bf2
e5 9. d5 Ne7 10. e4 O-O 11. h4 fxe4 12. Nxe4 Nf5 13. Bd3 c6 14. Nxf6+ Qxf6
15. Ne2 cxd5 16. cxd5 Bd7 17. h5 g5 18. Ng3 Nh4 19. Ne4 Nxg2+ 20. Kf1 Qxf3
21. Qxf3 Rxf3 22. Kxg2 Rxd3 23. Nxd6 Rxd5 24. Rhd1 Rxd1 25. Rxd1 Bc6+ 26.
Kg3 Rf8 27. Bxa7 Rf3+ 28. Kh2 e4 29. Nc4 g4 30. Ne3 Be5+ 31. Kg2 Bf4 32. Nf5
Kf7 33. Nd4 Rg3+ 34. Kf2 e3+ 35. Kf1 Bg2+ 36. Ke1 Bf3 37. Ne2 Rg2
{White forfeits on time}
0-1

[Event "ICC tourney 2545 (5 3)"]
[Site "Internet Chess Club"]
[Date "2021.04.11"]
[Round "2"]
[White "rj1234"]
[Black "Heliosis"]
[Result "1-0"]
[ICCResult "Black forfeits on time"]
[WhiteElo "1809"]
[BlackElo "1787"]
[Opening "Ruy Lopez: 5.O-O"]
[ECO "C78"]
[NIC "RL.12"]
[Time "14:29:41"]
[TimeControl "300+3"]

1. e4 e5 2. Nf3 Nc6 3. Bb5 a6 4. Ba4 Nf6 5. O-O b5 6. Bb3 Bc5 7. a4 Rb8 8.
Nxe5 Nxe5 9. d4 Bxd4 10. Qxd4 d6 11. Bf4 c5 12. Qd2 c4 13. Ba2 O-O 14. f3
Be6 15. axb5 axb5 16. b4 h6 17. Nc3 Qc7 18. Kh1 Rfd8 19. Rad1 Qb6 20. Bb1 g5
21. Bxg5 hxg5 22. Qxg5+ Ng6 23. Qxf6 Qe3 24. f4 Bg4 25. Nd5
{Black forfeits on time}
1-0

[Event "ICC tourney 2545 (5 3)"]
[Site "Internet Chess Club"]
[Date "2021.04.11"]
[Round "2"]
[White "IsaiahS"]
[Black "tmrs"]
[Result "0-1"]
[ICCResult "White checkmated"]
[WhiteElo "1412"]
[BlackElo "1630"]
[Opening "Caro-Kann: Steinitz variation"]
[ECO "B17"]
[NIC "CK.08"]
[Time "14:29:08"]
[TimeControl "300+3"]

1. e4 c6 2. d4 d5 3. Nc3 dxe4 4. Nxe4 Nd7 5. Nf3 Ngf6 6. Ng3 e6 7. Bd3 h6 8.
O-O Bd6 9. c3 O-O 10. h3 b6 11. Bc2 Qc7 12. Ne4 Nxe4 13. Bxe4 Nf6 14. Qc2
Bb7 15. Re1 Nxe4 16. Qxe4 c5 17. Qe2 cxd4 18. cxd4 Bf4 19. Ne5 Bxc1 20.
Raxc1 Qd6 21. Red1 Qd5 22. f3 Qxa2 23. Rc7 Bd5 24. Rdc1 Qa4 25. Qd2 Rad8 26.
Qf4 Ba8 27. Nxf7 Qxd4+ 28. Qxd4 Rxd4 29. Ne5 Rfd8 30. Rxa7 Rd1+ 31. Rxd1
Rxd1+ 32. Kh2 Bd5 33. Ra6 b5 34. Ra5 b4 35. Rb5 b3 36. Rb8+ Kh7 37. h4 h5
38. Nf7 Rd2 39. Rh8+ Kg6 40. Ne5+ Kf6 41. Rxh5 Rxb2 42. Ng4+ Ke7 43. Kg3 Ra2
44. Ne3 b2 45. Re5 Kd6 46. Rg5 b1=Q 47. Rxg7 Qe1+ 48. Kf4 Ra4+ 49. Kg5 Qxe3+
50. Kf6 Qf4+ 51. Kg6 Qf5+ 52. Kh6 Rxh4# {White checkmated} 0-1

[Event "ICC tourney 2545 (5 3)"]
[Site "Internet Chess Club"]
[Date "2021.04.11"]
[Round "2"]
[White "Vodkachaiii"]
[Black "Irenaeus"]
[Result "1-0"]
[ICCResult "Black resigns"]
[WhiteElo "1599"]
[BlackElo "1740"]
[Opening "King's pawn game"]
[ECO "C50"]
[NIC "IG.03"]
[Time "14:30:00"]
[TimeControl "300+3"]

1. e4 e5 2. Nf3 Nc6 3. Bc4 g6 4. d3 Bg7 5. Ng5 Nh6 6. O-O O-O 7. Nc3 Na5 8.
Bb3 Nxb3 9. axb3 c6 10. f4 f6 11. Nf3 d5 12. fxe5 dxe4 13. exf6 Qxf6 14.
Nxe4 Qe7 15. Bg5 Qc7 16. Qd2 Nf5 17. c3 Be6 18. b4 h6 19. Bf4 Qb6+ 20. d4
Rad8 21. Nc5 Bc4 22. Rfe1 g5 23. Be5 Bd5 24. Bxg7 Nxg7 25. Ne5 Rfe8 26. Ng6
Qc7 27. Rxe8+ Rxe8 28. Rxa7 Qf7 29. Ne5 Qf5 30. h3 b6 31. Ncd7 Re7 32. Ra8+
Kh7 33. Nf8+ Kg8 34. Nfg6+ {Black resigns} 1-0

[Event "ICC tourney 2545 (5 3)"]
[Site "Internet Chess Club"]
[Date "2021.04.11"]
[Round "2"]
[White "Mapking1"]
[Black "MasterZachary"]
[Result "0-1"]
[ICCResult "White checkmated"]
[WhiteElo "1512"]
[BlackElo "2173"]
[Opening "Ruy Lopez: modern Steinitz defense"]
[ECO "C71"]
[NIC "RL.10"]
[Time "14:28:47"]
[TimeControl "300+3"]

1. e4 e5 2. Nf3 Nc6 3. Bb5 a6 4. Ba4 d6 5. h3 Nf6 6. d3 b5 7. Bb3 Na5 8. O-O
Be7 9. c3 Nxb3 10. axb3 O-O 11. Re1 Bb7 12. Nbd2 Nd7 13. d4 exd4 14. cxd4 c5
15. Nf1 cxd4 16. Nxd4 Nc5 17. Ng3 Bf6 18. b4 Bxd4 19. bxc5 dxc5 20. Nf5 Bf6
21. Qg4 Bc8 22. Ra3 Bxf5 23. Qxf5 Qc8 24. Qh5 Qe6 25. Rg3 Be5 26. Rg5 Rfe8
27. f4 Bf6 28. Rg3 Bd4+ 29. Kh1 Bf2 30. Rge3 Bxe1 31. Rxe1 Rad8 32. g4 Qg6
33. Qh4 Rd3 34. f5 Qc6 35. g5 Rd4 36. f6 Rdxe4 37. Kh2 Rxe1 38. Bf4 R1e2+
39. Kg3 Qg2# {White checkmated} 0-1

[Event "ICC tourney 2545 (5 3)"]
[Site "Internet Chess Club"]
[Date "2021.04.11"]
[Round "2"]
[White "RealFuno09"]
[Black "ncc-1701"]
[Result "1-0"]
[ICCResult "Black checkmated"]
[WhiteElo "1791"]
[BlackElo "1800"]
[Opening "Sicilian: dragon, Yugoslav attack, 7...O-O"]
[ECO "B76"]
[NIC "SI.17"]
[Time "14:30:00"]
[TimeControl "300+3"]

1. e4 c5 2. Nc3 d6 3. Nf3 Nf6 4. d4 cxd4 5. Nxd4 g6 6. Be3 Bg7 7. f3 O-O 8.
g4 Nc6 9. Qd2 Bxg4 10. fxg4 Nxg4 11. Bg1 e6 12. Nf3 Rc8 13. h3 Nge5 14. Nxe5
Nxe5 15. Be2 Rxc3 16. Qxc3 Qh4+ 17. Bf2 Qxe4 18. Rg1 d5 19. Kf1 Qf5 20. Rg3
Nc4 21. Qd3 Qf4 22. Kg1 Nxb2 23. Qf3 Qa4 24. c3 Qc6 25. Rf1 Na4 26. c4 Nc3
27. cxd5 exd5 28. Bd3 Nxa2 29. h4 Nb4 30. h5 Qe6 31. Bc5 Nxd3 32. Qxd3 Rc8
33. Bf2 Rc3 34. Qd1 Rxg3+ 35. Bxg3 Qe3+ 36. Kg2 d4 37. Qf3 Qe7 38. Re1 Qd7
39. Qe4 Kf8 40. Bd6+ Kg8 41. Qe8+ Qxe8 42. Rxe8+ Bf8 43. h6 d3 44. Rxf8#
{Black checkmated}
1-0

[Event "ICC tourney 2545 (5 3)"]
[Site "Internet Chess Club"]
[Date "2021.04.11"]
[Round "2"]
[White "ChalsparoV"]
[Black "Eberhard"]
[Result "0-1"]
[ICCResult "White resigns"]
[WhiteElo "1813"]
[BlackElo "1947"]
[Opening "Queen's pawn game"]
[ECO "D00"]
[NIC "QP.07"]
[Time "14:29:38"]
[TimeControl "300+3"]

1. d4 Nf6 2. Nc3 d5 3. Bf4 e6 4. e3 c5 5. Nb5 Na6 6. c3 Bd7 7. a4 Be7 8. Nf3
O-O 9. Ne5 Be8 10. h4 Ne4 11. h5 f6 12. Nf3 c4 13. Qc2 Nd6 14. Nxd6 Bxd6 15.
Be2 Rc8 16. Kd2 Nb8 17. g3 Nc6 18. e4 e5 19. dxe5 fxe5 20. Bg5 Be7 21. Bxe7
Nxe7 22. Ke1 d4 23. cxd4 exd4 24. Bxc4+ Kh8 25. Nh4 Bf7 26. b3 Bxc4 27. bxc4
Qa5+ 28. Ke2 Qxh5+ 29. f3 Qg5 30. Qd3 Nc6 31. f4 Qg4+ 32. Qf3 Qe6 33. Rac1
Rce8 34. Kf2 Kg8 35. e5 Nxe5 {White resigns} 0-1

[Event "ICC tourney 2545 (5 3)"]
[Site "Internet Chess Club"]
[Date "2021.04.11"]
[Round "2"]
[White "DrDrunkenstyn"]
[Black "JamesS"]
[Result "1-0"]
[ICCResult "Black resigns"]
[WhiteElo "1593"]
[BlackElo "1366"]
[Opening "Benoni defense"]
[ECO "A56"]
[NIC "OI.06"]
[Time "14:29:32"]
[TimeControl "300+3"]

1. d4 Nf6 2. c4 c5 3. dxc5 e6 4. b4 a5 5. Qa4 Na6 6. Bd2 axb4 7. Bxb4 Nxb4
8. Qxb4 Qa5 9. Qxa5 Rxa5 10. Nc3 Bxc5 11. e3 Ra3 12. Nb5 Bb4+ 13. Ke2 Ra5
14. Nf3 O-O 15. a3 d5 16. Nbd4 Rxa3 17. Rb1 Ra2+ 18. Kd1 Bc5 19. Bd3 Rxf2
20. Rg1 Bxd4 21. Nxd4 e5 22. Ne2 e4 23. Bc2 dxc4 24. Ke1 Rf5 25. Nd4 Rh5 26.
h3 Re5 27. Ke2 Nd5 28. Kd2 Rd8 29. Rb5 c3+ 30. Ke2 f6 31. Ra1 Kf7 32. Raa5
b6 33. Ra7+ Kg6 34. Nc6 Rd7 35. Nxe5+ fxe5 36. Rxd7 Bxd7 37. Rxd5 Bc8 38.
Rxe5 Ba6+ 39. Ke1 b5 40. Rxe4 Kf6 41. Rb4 Bb7 42. g3 Bg2 43. h4 h6 44. Rxb5
g5 45. hxg5+ hxg5 46. Kf2 {Black resigns} 1-0

[Event "ICC tourney 2545 (5 3)"]
[Site "Internet Chess Club"]
[Date "2021.04.11"]
[Round "2"]
[White "VDMA"]
[Black "jacobsperber"]
[Result "1-0"]
[ICCResult "Black checkmated"]
[WhiteElo "1547"]
[BlackElo "1222"]
[Opening "King's Indian: Larsen variation"]
[ECO "E90"]
[NIC "KI.21"]
[Time "14:30:35"]
[TimeControl "300+3"]

1. d4 Nf6 2. Nf3 g6 3. c4 Bg7 4. Nc3 O-O 5. e4 d6 6. Be3 e5 7. d5 Na6 8. h3
Nc5 9. Qc2 c6 10. b4 Ncd7 11. dxc6 bxc6 12. Be2 Nb6 13. O-O Be6 14. c5 dxc5
15. Bxc5 Re8 16. Rfd1 Qc7 17. Bd6 Qb7 18. Bxe5 Nc4 19. Bxc4 Bxc4 20. Bd6 Be6
21. a3 Rad8 22. Rab1 a6 23. Na4 Nd7 24. Nc5 Nxc5 25. bxc5 Qa7 26. e5 Rd7 27.
Qa4 Bd5 28. Re1 Bh6 29. Nd4 Qa8 30. Rb6 Rxd6 31. cxd6 Qd8 32. Qxa6 Qg5 33.
Qf1 f6 34. e6 Qh4 35. d7 Ra8 36. e7 Qxd4 37. e8=Q+ Rxe8 38. dxe8=Q+ Kg7 39.
Rb7+ Bf7 40. Qxf7+ Kh8 41. Re8+ Bf8 42. Rxf8# {Black checkmated} 1-0

[Event "ICC tourney 2545 (5 3)"]
[Site "Internet Chess Club"]
[Date "2021.04.11"]
[Round "2"]
[White "justlucky"]
[Black "cocokiu"]
[Result "1-0"]
[ICCResult "Black checkmated"]
[WhiteElo "1281"]
[BlackElo "1448"]
[Opening "Scotch gambit"]
[ECO "C44"]
[NIC "SO.06"]
[Time "14:29:03"]
[TimeControl "300+3"]

1. e4 e5 2. Nf3 Nc6 3. d4 exd4 4. Bc4 Bc5 5. c3 dxc3 6. Bxf7+ Kxf7 7. Qd5+
Ke8 8. Qxc5 cxb2 9. Bxb2 Nf6 10. O-O Nxe4 11. Re1 d5 12. Nbd2 Bf5 13. Rad1
Ne7 14. Nxe4 Bxe4 15. Rxe4 Qd6 16. Rxe7+ Qxe7 17. Re1 Qxe1+ 18. Nxe1 Rc8 19.
Bxg7 Rg8 20. Bf6 Kf7 21. Qe7+ Kg6 22. Nf3 Rce8 23. Ne5+ Kf5 24. g4+ Kf4 25.
Nd3+ Kxg4 26. Qxh7 Kf3+ 27. Kf1 Kg4 28. h3+ Kf3 29. Qf5# {Black checkmated}
1-0

[Event "ICC tourney 2545 (5 3)"]
[Site "Internet Chess Club"]
[Date "2021.04.11"]
[Round "2"]
[White "TjkTiger"]
[Black "kdbel"]
[Result "1-0"]
[ICCResult "Black resigns"]
[WhiteElo "2329"]
[BlackElo "1550"]
[Opening "English: Mikenas-Carls variation"]
[ECO "A18"]
[NIC "EO.64"]
[Time "14:29:14"]
[TimeControl "300+3"]

1. c4 Nf6 2. Nc3 e6 3. e4 d6 4. d4 Be7 5. Nf3 O-O 6. g3 b6 7. Bg2 Bb7 8. d5
exd5 9. cxd5 Nbd7 10. O-O a5 11. Nd4 Nc5 12. Re1 Re8 13. Bh3 Bf8 14. f3 Qe7
15. Be3 Nfd7 16. Qc2 g6 17. Rad1 Bg7 18. Bf2 Rad8 19. Ncb5 Nb8 20. Nc3 Qf8
21. a3 Nba6 22. Nc6 Bxc6 23. dxc6 Nb8 24. b4 axb4 25. axb4 Ne6 26. b5 Nc5
27. Nd5 Ne6 28. Bxe6 fxe6 29. Nxc7 Re7 30. Bxb6 Rc8 31. Qb3 Qf7 32. Na6 Nxa6
33. bxa6 Rxc6 34. a7 Rxa7 35. Bxa7 Qxa7+ 36. Kh1 Qf7 37. Rc1 Rxc1 38. Rxc1
Bd4 39. Qb8+ Kg7 40. Rc7 {Black resigns} 1-0

[Event "ICC tourney 2545 (5 3)"]
[Site "Internet Chess Club"]
[Date "2021.04.11"]
[Round "2"]
[White "Farai23"]
[Black "Tecmo"]
[Result "0-1"]
[ICCResult "White forfeits on time"]
[WhiteElo "1424"]
[BlackElo "1309"]
[Opening "Caro-Kann: Panov-Botvinnik attack"]
[ECO "B13"]
[NIC "CK.02"]
[Time "14:28:50"]
[TimeControl "300+3"]

1. e4 c6 2. d4 d5 3. exd5 cxd5 4. c4 e6 5. Nf3 Nf6 6. Nc3 a6 7. Bf4 dxc4 8.
Bxc4 b5 9. Bb3 Bb7 10. O-O Bd6 11. Ne5 O-O 12. Re1 Nc6 13. d5 Nxe5 14. Bxe5
Bxe5 15. Rxe5 exd5 16. Nxd5 Nxd5 17. Bxd5 Bxd5 18. Rxd5 Qf6 19. Qd4 Qxd4 20.
Rxd4 Rfd8 21. Rad1 Rxd4 22. Rxd4 Rc8 23. g3 Kf8 24. Rd2 Rc6 25. Kf1 Ke7 26.
Ke2 Rc1 27. h4 Ra1 28. a3 Rc1 29. Kd3 Rc6 30. Re2+ Kd7 31. Re4 Rf6 32. f4
Rc6 33. g4 g6 {White forfeits on time} 0-1

[Event "ICC tourney 2545 (5 3)"]
[Site "Internet Chess Club"]
[Date "2021.04.11"]
[Round "2"]
[White "Radja"]
[Black "sorrym8"]
[Result "1/2-1/2"]
[ICCResult "White stalemated"]
[WhiteElo "2165"]
[BlackElo "1669"]
[Opening "Sicilian: Pelikan, Chelyabinsk variation"]
[ECO "B33"]
[NIC "SI.37"]
[Time "14:28:49"]
[TimeControl "300+3"]

1. e4 c5 2. Nf3 Nc6 3. d4 cxd4 4. Nxd4 Nf6 5. Nc3 e5 6. Ndb5 d6 7. Bg5 a6 8.
Na3 b5 9. Bxf6 gxf6 10. Nd5 Bg7 11. c3 f5 12. exf5 Bxf5 13. Nc2 O-O 14. Nce3
Be6 15. Bd3 f5 16. Bc2 Rc8 17. Qh5 e4 18. Nf4 Bf7 19. Qxf5 d5 20. Ne6 Ne7
21. Nxd8 Nxf5 22. Nxf5 Rcxd8 23. O-O-O Be6 24. Ng3 Rxf2 25. Bxe4 d4 26. Rhf1
Rxf1 27. Nxf1 Rc8 28. Kc2 dxc3 29. b3 Rf8 30. Ne3 Rf2+ 31. Kd3 Rxa2 32. Bd5
Bxd5 33. Nxd5 Rxg2 34. Nxc3 Bxc3 35. Kxc3 Rxh2 36. Kb4 Rh6 37. Ka5 Rf6 38.
Rd7 h5 39. b4 Rf4 40. Rd1 h4 41. Rb1 Rf6 42. Rg1+ Kh7 43. Rg8 Rf3 44. Rg4
Ra3+ 45. Kb6 h3 46. Rh4+ Kg6 47. Rh8 Kg5 48. Rg8+ Kh4 49. Rh8+ Kg3 50. Rg8+
Kh2 51. Rh8 Kh1 52. Kb7 h2 53. Rg8 Ra2 54. Kb6 Rg2 55. Rh8 Rg6+ 56. Ka5 Kg1
57. Rxh2 Kxh2 {White stalemated} 1/2-1/2

[Event "ICC tourney 2545 (5 3)"]
[Site "Internet Chess Club"]
[Date "2021.04.11"]
[Round "2"]
[White "MohanadWael"]
[Black "alekhsay"]
[Result "1-0"]
[ICCResult "Black forfeits on time"]
[WhiteElo "1342"]
[BlackElo "822"]
[Opening "Caro-Kann defense"]
[ECO "B10"]
[NIC "CK.01"]
[Time "14:29:36"]
[TimeControl "300+3"]

1. e4 c6 2. Nf3 d5 3. e5 Bf5 4. d4 e6 5. Bd3 Bxd3 6. Qxd3 Bb4+ 7. c3 Ba5 8.
Bg5 Ne7 9. b4 Bb6 10. a3 Nd7 11. O-O O-O 12. Nbd2 Re8 13. a4 a5 14. b5 cxb5
15. Qxb5 Rc8 16. Rac1 Rc6 17. Nb3 f6 18. exf6 gxf6 19. Bf4 Ng6 20. Bh6 e5
21. Rfe1 e4 22. Qxd5+ Ree6 23. Nbd2 Ne7 24. Qh5 f5 25. Qg5+ Rg6 26. Qh5 Rxh6
27. Qg5+ Rhg6 28. Qf4 Rg4 29. Qe3 Nd5 30. Qe2 Rcg6 31. g3 Nf4 32. Qc4+ Kg7
33. Ne5 Nxe5 34. dxe5 {Black forfeits on time} 1-0

[Event "ICC tourney 2545 (5 3)"]
[Site "Internet Chess Club"]
[Date "2021.04.11"]
[Round "2"]
[White "wiiiiiieee"]
[Black "Casopis"]
[Result "0-1"]
[ICCResult "White resigns"]
[WhiteElo "1360"]
[BlackElo "1649"]
[Opening "Sicilian: Smith-Morra gambit"]
[ECO "B21"]
[NIC "SI.48"]
[Time "14:30:22"]
[TimeControl "300+3"]

1. e4 c5 2. d4 cxd4 3. c3 d3 4. Bxd3 d6 5. c4 Nf6 6. Nc3 Nc6 7. h3 e6 8. Nf3
Be7 9. Be3 O-O 10. Qe2 Re8 11. O-O d5 12. e5 d4 13. Rad1 dxe3 14. Bxh7+ Nxh7
15. Rxd8 Rxd8 16. Qxe3 b6 17. Ne4 Bb7 18. c5 bxc5 19. Nxc5 Bxc5 20. Qxc5 Rd5
21. Qe3 Rad8 22. Qb3 Ba8 23. Re1 Nf8 24. Qc3 Ng6 25. Kh2 Rd3 26. Qc4 Nce7
27. b4 Bxf3 28. gxf3 Rxf3 29. Qc5 Rd2 30. Rf1 Rxa2 31. Qd4 Nf5 32. Qd8+ Kh7
33. Qg5 Nf4 34. h4 Rfxf2+ 35. Rxf2 Rxf2+ 36. Kh1 Rf1+ 37. Kh2 Rf3 38. Kh1
Rh3+ 39. Kg1 Rg3+ {White resigns} 0-1

[Event "ICC tourney 2545 (5 3)"]
[Site "Internet Chess Club"]
[Date "2021.04.11"]
[Round "2"]
[White "EthanVSA"]
[Black "asur67ferat"]
[Result "0-1"]
[ICCResult "White forfeits on time"]
[WhiteElo "1367"]
[BlackElo "1610"]
[Opening "Queen's pawn"]
[ECO "A40"]
[NIC "QO.17"]
[Time "14:30:05"]
[TimeControl "300+3"]

1. d4 e6 2. Nf3 b6 3. e4 Bb7 4. Nc3 Bb4 5. Bd3 d5 6. e5 Ne7 7. Bd2 Ba6 8.
Bxa6 Nxa6 9. Qe2 Nb8 10. a3 Bxc3 11. Bxc3 O-O 12. O-O Nd7 13. Rfe1 c5 14.
Rad1 Qc7 15. Qd3 g6 16. Rd2 h5 17. b4 Rfc8 18. Ng5 cxd4 19. Bxd4 Qc4 20. Qf3
Nf5 21. h3 h4 22. g4 hxg3 23. fxg3 Rf8 24. g4 Nxd4 25. Qf2 Nxe5 26. Rxe5 Qc3
27. Qxd4 Qg3+ 28. Kf1 Rac8 {White forfeits on time} 0-1

[Event "ICC tourney 2545 (5 3)"]
[Site "Internet Chess Club"]
[Date "2021.04.11"]
[Round "2"]
[White "vassily1666"]
[Black "arjun-venkat"]
[Result "1-0"]
[ICCResult "Black checkmated"]
[WhiteElo "1681"]
[BlackElo "1210"]
[Opening "Ruy Lopez: Berlin defense, Beverwijk variation"]
[ECO "C64"]
[NIC "RL.01"]
[Time "14:29:26"]
[TimeControl "300+3"]

1. e4 e5 2. Nf3 Nc6 3. Bb5 Bc5 4. O-O Nf6 5. Nxe5 Nxe4 6. Nxf7 Kxf7 7. Qh5+
Kf8 8. Qf5+ Qf6 9. Qxe4 a6 10. Ba4 Qd4 11. Qf5+ Ke8 12. Re1+ Ne7 13. c3 Qxa4
14. Qxc5 Qh4 15. d4 Rf8 16. Be3 Kd8 17. Nd2 d6 18. Qg5 Qxg5 19. Bxg5 Rf7 20.
Rxe7 Rxe7 21. Re1 Bf5 22. Bxe7+ Kd7 23. Bg5 Re8 24. Rxe8 Kxe8 25. f3 Kf7 26.
Kf2 Ke6 27. Bf4 c6 28. Ne4 Bxe4 29. fxe4 h6 30. h4 c5 31. d5+ Kd7 32. h5 b5
33. Kg3 a5 34. Kg4 b4 35. cxb4 axb4 36. Bd2 Ke7 37. Kf5 Kf7 38. a3 b3 39. a4
c4 40. a5 Ke7 41. Bc3 Kd7 42. Bxg7 Kc7 43. Ke6 Kb7 44. Kxd6 Ka6 45. Bc3 Kb5
46. e5 Ka4 47. e6 Kb5 48. e7 Ka4 49. e8=B# {Black checkmated} 1-0

[Event "ICC tourney 2545 (5 3)"]
[Site "Internet Chess Club"]
[Date "2021.04.11"]
[Round "2"]
[White "AbhinavSinha19"]
[Black "Structor99"]
[Result "0-1"]
[ICCResult "White resigns"]
[WhiteElo "1425"]
[BlackElo "1917"]
[Opening "QGD: 4.Bg5 Be7, 5.e3 O-O"]
[ECO "D53"]
[NIC "QO.13"]
[Time "14:29:41"]
[TimeControl "300+3"]

1. d4 e6 2. c4 Nf6 3. Nc3 d5 4. Bg5 Be7 5. e3 O-O 6. Bd3 h6 7. Bxf6 Bxf6 8.
Nf3 dxc4 9. Bxc4 a6 10. O-O b5 11. Bb3 Bb7 12. Nd2 c5 13. dxc5 Bxc3 14. bxc3
Qg5 15. Nf3 Qxc5 16. Qd3 Nc6 17. Bc2 g6 18. Nh4 Qg5 19. g3 Rad8 20. Qe4 Na5
21. Qf4 Qxf4 22. exf4 Rd2 23. Bb3 Rfd8 24. Ng2 Bd5 25. Bxd5 R8xd5 26. Ne3
R5d3 27. Rac1 Rxa2 28. Rfd1 Rxd1+ 29. Rxd1 Ra3 30. Rc1 Nc4 31. Nd1 Ra2 32.
Kg2 a5 33. Ne3 Nxe3+ 34. Kf3 Nc4 35. h3 Rb2 36. h4 a4 37. Ra1 a3 38. Ke4 a2
39. Kd4 Na3 40. Kc5 Nc2 {White resigns} 0-1

[Event "ICC tourney 2545 (5 3)"]
[Site "Internet Chess Club"]
[Date "2021.04.11"]
[Round "2"]
[White "vbtry3"]
[Black "SamerOnFire"]
[Result "0-1"]
[ICCResult "White resigns"]
[WhiteElo "1902"]
[BlackElo "1603"]
[Opening "Sicilian defense"]
[ECO "B30"]
[NIC "SI.31"]
[Time "14:29:04"]
[TimeControl "300+3"]

1. e4 c5 2. Nf3 Nc6 3. c3 Nf6 4. e5 Nd5 5. d4 cxd4 6. cxd4 d6 7. Bc4 Nb6 8.
Bb5 dxe5 9. Nxe5 Bd7 10. Nxd7 Qxd7 11. Be3 e6 12. O-O Bd6 13. Nc3 O-O 14.
Ne4 Nd5 15. Qh5 Be7 16. Bg5 Bxg5 17. Nxg5 Nf6 18. Qh4 Qxd4 19. Qh3 Qxb2 20.
Bd3 h6 21. Nf3 Qb6 22. Rab1 Qc7 23. Rfc1 Rfd8 24. Nd2 Rd5 25. Ne4 Nxe4 26.
Bxe4 Rd6 27. Qg3 Rad8 28. h3 Qd7 29. Bc2 Rd2 30. Qe3 Nd4 31. Bd3 Rxa2 32.
Kh1 b6 33. Qe4 g6 34. Qg4 Rd2 35. Rc3 Nf5 36. Bxf5 exf5 37. Qh4 Rd1+ 38.
Rxd1 Qxd1+ 39. Kh2 Qd4 40. Qxd4 Rxd4 41. Rc7 Ra4 42. Kg3 Kg7 43. Kf3 a5 44.
Ke3 b5 45. Kd3 b4 46. Kc4 Ra3 47. Rb7 Ra2 48. Rb5 Rxf2 49. Rxa5 Rxg2 50.
Kxb4 Rg3 51. Kc4 Rxh3 52. Kd4 Rh4+ 53. Ke3 Re4+ 54. Kf3 h5 55. Kg3 Rg4+ 56.
Kh3 Kh6 57. Rb5 f4 58. Ra5 Rg5 59. Ra4 f3 60. Ra2 Rf5 61. Rf2 g5 62. Kg3 h4+
63. Kg4 Rf4+ 64. Kh3 f5 65. Rf1 Kh5 66. Rf2 g4+ 67. Kh2 g3+ 68. Kg1 gxf2+
69. Kh2 Kg4 {White resigns} 0-1

[Event "ICC tourney 2545 (5 3)"]
[Site "Internet Chess Club"]
[Date "2021.04.11"]
[Round "2"]
[White "ulfbert"]
[Black "Havanah"]
[Result "1-0"]
[ICCResult "Black resigns"]
[WhiteElo "1871"]
[BlackElo "1429"]
[Opening "French: exchange variation"]
[ECO "C01"]
[NIC "FR.01"]
[Time "14:30:00"]
[TimeControl "300+3"]

1. e4 e6 2. d4 d5 3. exd5 exd5 4. c4 c6 5. Nc3 Nf6 6. Nf3 Bd6 7. Bd3 O-O 8.
O-O Bg4 9. Bg5 a6 10. c5 Bc7 11. b4 Nbd7 12. a4 Qb8 13. Bh4 Bxh2+ 14. Kh1
Bf4 15. g3 Bc7 16. Kg2 Re8 17. Qc2 h6 18. Rh1 Bxf3+ 19. Kxf3 b6 20. b5 axb5
21. axb5 Rxa1 22. Rxa1 bxc5 23. bxc6 Nf8 24. Bxf6 gxf6 25. Nxd5 cxd4 26.
Nxf6+ Kh8 27. Nxe8 Qxe8 28. Qc4 Ne6 29. Kg2 Qg8 30. Bc2 Qg4 31. Bd1 Qe4+ 32.
Bf3 Qg6 33. Bd5 Nf4+ 34. Kf1 Nxd5 35. Qxd5 d3 36. Ra7 d2 37. Rxc7 Qb1+ 38.
Kg2 d1=Q 39. Qe5+ Kg8 40. Qe8+ Kg7 41. Qxf7+ Kh8 42. Rc8+ {Black resigns}
1-0

[Event "ICC tourney 2545 (5 3)"]
[Site "Internet Chess Club"]
[Date "2021.04.11"]
[Round "2"]
[White "pokerram"]
[Black "jbowman3"]
[Result "1-0"]
[ICCResult "Black forfeits on time"]
[WhiteElo "1161"]
[BlackElo "1306"]
[Opening "Scandinavian (center counter) defense"]
[ECO "B01"]
[NIC "SD.01"]
[Time "14:28:45"]
[TimeControl "300+3"]

1. e4 d5 2. exd5 Qxd5 3. Nc3 Qa5 4. d4 Nf6 5. Bc4 Bf5 6. Bd2 c6 7. Nd5 Qd8
8. Nxf6+ gxf6 9. Nf3 e6 10. Nh4 Bg6 11. Qe2 Qxd4 12. Bc3 Qxh4 13. Bxe6 fxe6
14. Qxe6+ Be7 15. Qc8+ Bd8 16. Qe6+ Be7 17. O-O-O Na6 18. Rhe1 Qg5+ 19. Kb1
Qc5 20. Bxf6 Qxc2+ 21. Ka1 Qc5 22. Bxe7 Qf5 23. Bf6+ Qxe6 24. Rxe6+ Kf7 25.
Red6 Rhe8 26. a3 Re6 27. Bg5 Rxd6 28. Rxd6 Re8 29. Rd7+ Ke6 30. Rxb7 Nc5 31.
Rxa7 Kf5 32. Be7 Nb3+ 33. Ka2 Bf7 34. Bb4 Nc1+ 35. Kb1 Nb3 36. Rxf7+ Kg6 37.
Re7 Rd8 38. Re1 Nd4 39. Bc3 {Black forfeits on time} 1-0

[Event "ICC tourney 2545 (5 3)"]
[Site "Internet Chess Club"]
[Date "2021.04.11"]
[Round "2"]
[White "Ashibarai"]
[Black "bumper10"]
[Result "0-1"]
[ICCResult "White resigns"]
[WhiteElo "1566"]
[BlackElo "2167"]
[Opening "Catalan: closed"]
[ECO "E02"]
[NIC "CA.01"]
[Time "14:30:00"]
[TimeControl "300+3"]

1. d4 Nf6 2. c4 e6 3. g3 d5 4. Bg2 dxc4 5. Nc3 a6 6. Qa4+ Nbd7 7. Qxc4 c5 8.
dxc5 Bxc5 9. Nf3 b5 10. Qf4 Bb7 11. O-O O-O 12. Rd1 Qb6 13. e3 Rfd8 14. b3
h6 15. g4 e5 16. Qg3 Bb4 17. Bb2 Bxc3 18. Bxc3 Ne4 19. Qh4 Nxc3 20. Rf1 Ne4
21. Qe7 Qe6 22. Qb4 Qxg4 23. Kh1 Nef6 24. Qxg4 Nxg4 25. Nh4 Bxg2+ 26. Kxg2
g6 27. Nf3 Rac8 28. Rad1 e4 29. Nd4 Nde5 30. a4 b4 31. Rc1 Nd3 32. Rc6 Rxc6
33. Nxc6 Rd6 34. Nd4 Rd5 35. h3 Nge5 36. Kg3 Rc5 37. h4 h5 38. Kg2 Kg7 39.
Kg3 Rc3 40. Kg2 Kf6 41. Kg3 Nc6 42. f3 Nxd4 43. fxe4+ Nf3 44. Rxf3+ Ke6 45.
Rf1 Rxb3 46. Rd1 Rc3 47. Kf3 b3 48. Ke2 b2 49. Rb1 Rc1 {White resigns} 0-1

[Event "ICC tourney 2545 (5 3)"]
[Site "Internet Chess Club"]
[Date "2021.04.11"]
[Round "2"]
[White "ionplayr"]
[Black "joshwang2000"]
[Result "1-0"]
[ICCResult "Black resigns"]
[WhiteElo "1157"]
[BlackElo "1296"]
[Opening "Sicilian: closed"]
[ECO "B23"]
[NIC "SI.44"]
[Time "14:30:13"]
[TimeControl "300+3"]

1. e4 c5 2. Nc3 d6 3. d3 Nf6 4. Bg5 g6 5. Bxf6 exf6 6. Nf3 Bg7 7. Nd5 O-O 8.
Be2 Nc6 9. O-O b6 10. h3 f5 11. exf5 Bxf5 12. Nh2 Bxb2 13. Rb1 Bg7 14. Bg4
Nd4 15. c3 Bxg4 16. Qxg4 Nf5 17. c4 Rc8 18. Nf3 h5 19. Qg5 Qxg5 20. Nxg5
Rfe8 21. Rfe1 Nd4 22. Ne7+ Kf8 23. Nxc8 Rxc8 24. a4 Bh6 25. Ne4 Rd8 26. Nf6
Bg7 27. Nd5 Nc2 28. Re7 a5 29. Rb7 Nb4 30. Nxb4 cxb4 31. Rxb6 Ra8 32. Rxd6
Ke7 33. Rc6 Kd7 34. Rb6 Kc7 35. Rb5 Bc3 36. Rc5+ Kd6 37. Rd5+ Ke6 38. Rf1 b3
39. Rb1 b2 40. Rb5 Kd6 41. Kf1 Re8 42. Rd5+ Kc6 43. g3 Kb6 44. Kg2 Kc6 45.
Kf3 Re6 46. g4 hxg4+ 47. Kxg4 Rf6 48. f4 Re6 49. f5 gxf5+ 50. Kxf5 Rf6+ 51.
Kg5 Rg6+ 52. Kh5 Rf6 53. h4 Rf2 54. Kh6 Rg2 55. Rg5 Rc2 56. Rf5 Rc1 57. Rf1
Rxb1 58. Rxb1 Kc5 59. Kg5 Kd4 60. Kf6 Kxd3+ 61. Kxf7 Kc2 62. Rf1 b1=Q 63.
Rxb1 Kxb1 64. c5 Kb2 65. c6 Be5 66. Ke6 Bf4 67. Kd5 Kb3 68. Ke4 Bd6 69. h5
Kxa4 70. h6 Kb3 71. h7 a4 72. h8=Q a3 73. Qh2 a2 74. Qxd6 a1=Q 75. Qd5+ Kb2
76. Qd4+ Kb3 77. Qxa1 {Black resigns} 1-0